AoeStats
← nW | iamkaito

Golden Pit

509329246Analyzed
1v1 RM · 7d ago on Sep 26, 2026· 41m 15s· 2 players
Game mode
Random Map
Map size
Tiny (2 player)
Population
200
Speed
Normal
Resources
Standard
Victory
Conquest
Starting age
Dark Age
Ending age
Imperial Age
RankedLock teamsTeams togetherTeam positionsShared explorationLock speedFull tech treeHidden civsTurbo modeCheats
Victory
Defeat
🇪🇸 Wei · Spain
2151
+17
🇲🇽 Byzantines · Mexico
2172
-17
m4rco
6:02 Loom
8:52 Feudal Age
9:22 Double-Bit Axe
10:06 Horse Collar
18:44 Wheelbarrow
22:28 Castle Age
23:06 Bloodlines
23:50 Heavy Plow
24:03 Bow Saw
24:37 Stone Mining
24:38 Gold Mining
25:01 Town Watch
30:49 Gold Shaft Mining
35:08 Imperial Age
37:04 Stone Shaft Mining
36:46 Hand Cart
38:44 Scale Barding Armor
39:13 Husbandry
38:34 Heavy Hei Guang Cavalry
39:23 Elite Tiger Cavalry
40:41 Chain Barding Armor
41:10 Forging
nW | iamkaito
6:32 Loom
8:50 Feudal Age
9:25 Double-Bit Axe
25:12 Castle Age
24:01 Horse Collar
24:28 Gold Mining
25:29 Forging
25:27 Scale Barding Armor
27:01 Bow Saw
29:06 Squires
29:08 Scale Mail Armor
29:19 Forging
30:28 Wheelbarrow
30:31 Chain Mail Armor
35:04 Fletching
36:23 Iron Casting
38:50 Bodkin Arrow
39:21 Gambesons
Connection lost

Rejoining the realm…

Still unreachable

The connection could not be restored.

Session expired

The server has moved on; the page needs a fresh start.